 Dungeon Crawl Stone Soup version 0.20.0-15-g7f486f2 (console) character file.

369 removed the Magician (level 6, -2/28 HPs)
             Began as a Spriggan Necromancer on June 10, 2017.
             Hit by a tomahawk thrown by an orc (4 damage)
             ... on level 3 of the Dungeon.
             The game lasted 00:04:28 (5151 turns).

removed the Magician (Spriggan Necromancer)         Turns: 5151, Time: 00:04:29

Health: -2/28      AC:  2    Str:  4    XL:     6   Next: 41%
Magic:  5/16       EV: 18    Int: 18    God:
Gold:   150        SH:  0    Dex: 17    Spells: 16/17 levels left

rFire    . . .     SeeInvis +   (weapon restricted)
rCold    . . .     Gourm    .   (shield restricted)
rNeg     . . .     Faith    .   a - +0 robe
rPois    .         Spirit   .   (helmet restricted)
rElec    .         Reflect  .   (no cloak)
rCorr    .         Harm     .   (gloves unavailable)
MR       +....                  (boots unavailable)
Stlth    ++........             l - amulet of rage
Regen    0.1/turn               (no ring)
MPRegen  0.2/turn               (no ring)

@: very quick
A: unfitting armour, see invisible, herbivore 3, speed 3, slow metabolism 2
a: Evoke Berserk Rage


You were on level 3 of the Dungeon.
You were full.

You visited 1 branch of the dungeon, and saw 3 of its levels.

You collected 150 gold pieces.

Inventory:

Armour
 a - a +0 robe (worn)
Jewellery
 l - an amulet of rage (around neck)
Scrolls
 f - a scroll of noise {unknown}
 g - 4 scrolls of identify {unknown}
 h - a scroll of remove curse {unknown}
 j - a scroll of fear {unknown}
 k - a scroll of random uselessness {unknown}
Potions
 d - a potion of curing {unknown}
 e - a potion of heal wounds {unknown}
 i - a potion of brilliance {unknown}
Books
 b - a book of Necromancy

   Spells                             Type                      Level
   a - Pain                           Necromancy                   1
   b - Animate Skeleton               Necromancy                   1
   c - Vampiric Draining              Necromancy                   3
   d - Regeneration                   Charms/Necromancy            3
   e - Animate Dead                   Necromancy                   4
   f - Control Undead                 Necromancy                   4
Comestibles
 c - 3 bread rations


   Skills:
 - Level 3.0 Dodging
 - Level 3.0 Stealth
 + Level 6.3 Spellcasting
 + Level 5.5 Necromancy


You had 16 spell levels left.
You knew the following spells:

 Your Spells              Type           Power        Failure   Level  Hunger
a - Pain                  Necr           ####         1%          1    None


Dungeon Overview and Level Annotations

Branches:
Dungeon (3/15)

Altars:
Hepliaklqana
Okawaru

Annotations:
D:3 Grinder


Innate Abilities, Weirdness & Mutations

You are very small and have problems with some larger weapons.
You are too small for most types of armour.
You have supernaturally acute eyesight. (SInv)
You are a herbivore.
You cover ground extremely quickly.
You need consume almost no food.


Message History

Confirm with . or Enter, or press ? or * to list all spells.
Aiming: Pain
Press: ? - help, Shift-Dir - straight line, f/p - orc priest
Aim: an orc priest (chance to defeat MR: 84%)
The orc priest writhes in agony!
Casting: Pain
Confirm with . or Enter, or press ? or * to list all spells.
Aiming: Pain
Press: ? - help, Shift-Dir - straight line, f/p - orc priest
Aim: an orc priest (heavily wounded, chance to defeat MR: 84%)
The orc priest writhes in agony!
Casting: Pain
Confirm with . or Enter, or press ? or * to list all spells.
Aiming: Pain
Press: ? - help, Shift-Dir - straight line, f/p - orc priest
Aim: an orc priest (severely wounded, chance to defeat MR: 84%)
The orc priest writhes in agony!
You kill the orc priest!
The orc throws a tomahawk.
The tomahawk hits you.
You die...

#.....#######.
#........# #.
#.....##.####.
###....†##......
#.......##..####
#.####.###..# ##
#.# #......# #(
#########.#
#.####.# #.
..[o...@..# #..
#.###.
.########.......
...).. #...P..≈≈
≈≈..≈. ####..≈≈≈
≈P≈P≈≈ ≈≈≈P
≈≈≈≈≈ ≈≈≈ ≈≈≈≈≈
≈≈ ≈P≈≈≈ ≈....
....#


You could see an orc.

Vanquished Creatures
  Sigmund (D:2)
  An orc priest (D:3)
  Natasha (thrice) (D:2)
  4 gnolls
  2 adders
  An ooze (D:3)
  2 worms
  A dart slug (D:3)
  3 leopard geckos
  3 orcs (D:3)
  2 giant cockroaches (D:2)
  8 goblins
  5 hobgoblins
  3 jackals (D:1)
  8 kobolds
  7 bats
  2 frilled lizards
  7 rats
63 creatures vanquished.

Notes
Turn   | Place    | Note
-------+----------+-------------------------------------------
     0 | D:1      | removed the Spriggan Necromancer began the quest for the Orb.
     0 | D:1      | Reached XP level 1. HP: 9/9 MP: 5/5
    24 | D:1      | Reached skill level 3 in Spellcasting
   231 | D:1      | Reached XP level 2. HP: 3/13 MP: 0/7
  1416 | D:1      | Reached XP level 3. HP: 13/16 MP: 7/9
  2007 | D:2      | Reached skill level 4 in Spellcasting
  2247 | D:2      | Found a hazy altar of Hepliaklqana.
  2449 | D:2      | Noticed Sigmund
  2463 | D:2      | Killed Sigmund
  2463 | D:2      | Reached skill level 5 in Spellcasting
  2463 | D:2      | Reached XP level 4. HP: 9/21 MP: 0/12
  2463 | D:2      | Reached XP level 5. HP: 11/24 MP: 0/13
  2700 | D:2      | Reached skill level 5 in Necromancy
  2706 | D:2      | Noticed Natasha
  2714 | D:2      | Killed Natasha
  3456 | D:2      | Noticed Natasha
  3463 | D:2      | Killed Natasha
  3603 | D:2      | Found a hazy altar of Hepliaklqana.
  3833 | D:2      | Noticed Natasha
  3838 | D:2      | Killed Natasha
  4279 | D:3      | Reached XP level 6. HP: 24/28 MP: 9/15
  4752 | D:3      | Found an iron altar of Okawaru.
  4760 | D:3      | Reached skill level 6 in Spellcasting
  4978 | D:3      | Noticed Grinder
  5147 | D:3      | HP: 1/28 [orc priest/divine providence (11)]
  5151 | D:3      | Hit by a tomahawk thrown by an orc

Skill      XL: |  1  2  3  4  5  6 |
---------------+-------------------+-----
Spellcasting   | 3 5 6 |  6.3
Necromancy     | 4 5 |  5.5
Dodging        | |  3.0
Stealth        | |  3.0

Action                   |  1- 3 |  4- 6 || total
-------------------------+-------+-------++-------
Melee: Unarmed           |    17 |       ||    17
 Cast: Pain              |    76 |    79 ||   155
  Eat: Bread ration      |       |     1 ||     1
Armor: Robe              |     4 |       ||     4
Dodge: Dodged            |    34 |    16 ||    50
